 Dungeon Crawl Stone Soup version 0.21.1-1-g345015f (webtiles) character file.

973 inmateoo the Firebug (level 7, -1/40 HPs)
             Began as a Deep Elf Fire Elementalist on Feb 20, 2018.
             Slain by an orc warrior
             ... wielding a +0 trident
              (22 damage)
             ... on level 9 of the Dungeon.
             The game lasted 00:07:22 (4411 turns).

inmateoo the Firebug (Deep Elf Fire Elementalist)   Turns: 4411, Time: 00:07:23

Health: -1/40      AC:  2    Str:  8    XL:     7   Next: 94%
Magic:  3/16       EV: 14    Int: 22    God:
Gold:   142        SH:  4    Dex: 17    Spells: 6/16 levels left

rFire    . . .     SeeInvis .     - Unarmed
rCold    . . .     Gourm    .   (no shield)
rNeg     . . .     Faith    .   a - +0 robe
rPois    .         Spirit   .   j - +0 hat
rElec    .         Reflect  .   (no cloak)
rCorr    .         Harm     .   (no gloves)
MR       .....                  (no boots)
Stlth    ++........             (no amulet)
HPRegen  0.13/turn              d - +3 ring of strength
MPRegen  0.15/turn              (no ring)

@: about to teleport
A: hooves 1, large bone plates 1, agile 1
a: no special abilities


You were on level 9 of the Dungeon.
You were hungry.

You visited 1 branch of the dungeon, and saw 7 of its levels.

You collected 142 gold pieces.

Inventory:

Hand Weapons
 i - a +0 flail of protection
 t - a +2 flail of venom
 y - a +1 trident of freezing
Armour
 a - a +0 robe (worn)
 f - a +0 leather armour
 j - a +0 hat (worn)
Jewellery
 d - a +3 ring of strength (left hand)
Wands
 x - a wand of iceblast (12)
Scrolls
 g - 4 scrolls of identify
 k - 3 scrolls of teleportation
 p - a scroll of amnesia
 v - a scroll of enchant weapon
Potions
 e - a potion of lignification
 h - a potion of degeneration {unknown}
 l - a potion of brilliance
 o - a potion of might {unknown}
 q - 2 potions of curing {unknown}
 r - a potion of berserk rage {unknown}
 u - 2 potions of magic {unknown}
 w - a potion of flight {unknown}
Books
 b - a book of Flames

   Spells                             Type                      Level
   a - Flame Tongue                   Conjuration/Fire             1
   b - Throw Flame                    Conjuration/Fire             2
   c - Conjure Flame                  Conjuration/Fire             3
   d - Inner Flame                    Hexes/Fire                   3
   e - Sticky Flame                   Conjuration/Fire             4
   f - Fireball                       Conjuration/Fire             5
 s - a book of Misfortune

   Spells                             Type                      Level
   a - Confusing Touch                Hexes                        1
   b - Confuse                        Hexes                        3
   c - Gell's Gravitas                Translocation                3
   d - Petrify                        Transmutation/Earth          4
   e - Metabolic Englaciation         Hexes/Ice                    5
   f - Yara's Violent Unravelling     Hexes/Transmutation          5
Comestibles
 c - 7 rations


   Skills:
 + Level 2.2 Fighting
 + Level 4.3 Dodging
 - Level 2.4 Stealth
 * Level 3.5 Unarmed Combat
 - Level 5.0 Spellcasting
 + Level 3.4 Conjurations
 * Level 6.3 Fire Magic


You had 6 spell levels left.
You knew the following spells:

 Your Spells              Type           Power        Failure   Level  Hunger
a - Flame Tongue          Conj/Fire      ####.        1%          1    None
b - Throw Flame           Conj/Fire      ####..       1%          2    None
c - Conjure Flame         Conj/Fire      ####....     4%          3    ##.....
d - Sticky Flame          Conj/Fire      ####....     13%         4    ####...


Dungeon Overview and Level Annotations

Branches:
Dungeon (8/15)
 Temple: D:4-7         Lair: D:8-11

Altars:
Fedhas
Zin


Innate Abilities, Weirdness & Mutations

You have large cloven feet.
You are partially covered in large bone plates. (SH +4)
You are agile. (Dex +2)


Message History

Unknown command.
Unknown command.
An orc comes into view. It is wielding a dagger.
The orc shouts!
You block the orc's attack.
Unknown command.
Unknown command.
You see here 25 stones.
Unknown command.
Unknown command.
You feel much better. The orc hits you with a mace.
Unknown command.
As you read the scroll of teleportation, it crumbles to dust.
You feel strangely unstable. You block the orc's attack. The orc misses you.
The orc hits you with a whip. You block the orc warrior's attack.
The orc completely misses you.
Unknown command.
The orc warrior hits you from afar with a trident!!
Ouch! That really hurt!
You die...

###############
#.)...ooo@....#
#.....(..o....#
#.).....o.....#
#).)).........#
#####.........#
#)).......#
..........#
.#.........#
#.........


You could see an orc warrior and 4 orcs.

Vanquished Creatures
  Grinder (D:4)
  Edmund (D:5)
  An orc warrior (D:9)
  The ghost of inmateoo the Firebug, an amateur DEFE (D:3)
  A bullfrog (D:9)
  2 scorpions
  A howler monkey (D:4)
  A crimson imp (D:5)
  A centaur skeleton (D:8)
  A hound (D:5)
  An orc priest (D:9)
  A howler monkey skeleton (D:4)
  7 adders
  A shadow imp (D:9)
  An ooze (D:3)
  4 leopard geckos
  14 orcs
  5 bats
  3 giant cockroaches
  11 goblins
  7 hobgoblins
  3 jackals (D:2)
  3 kobolds
  A quokka (D:3)
  A ball python (D:3)
  3 frilled lizards
  A jackal skeleton (D:5)
  A quokka skeleton (D:4)
  8 rats
87 creatures vanquished.

Vanquished Creatures (others)
  A crimson imp (D:5)
  A leopard gecko skeleton (D:5)
2 creatures vanquished.

Grand Total: 89 creatures vanquished

Notes
Turn   | Place    | Note
-------+----------+-------------------------------------------
     0 | D:1      | inmateoo the Deep Elf Fire Elementalist began the quest for the Orb.
     0 | D:1      | Reached XP level 1. HP: 10/10 MP: 6/6
   168 | D:1      | Reached XP level 2. HP: 15/15 MP: 6/8
   314 | D:1      | Reached skill level 4 in Fire Magic
   756 | D:2      | Reached XP level 3. HP: 19/19 MP: 5/9
   774 | D:2      | Learned a level 2 spell: Throw Flame
   778 | D:2      | Learned a level 3 spell: Conjure Flame
  1120 | D:2      | Reached skill level 1 in Unarmed Combat
  1437 | D:2      | Gained mutation: You have large cloven feet. [potion of mutation]
  1437 | D:2      | Gained mutation: You are agile. (Dex +2) [potion of mutation]
  1437 | D:2      | Gained mutation: You are partially covered in large bone plates. (SH +4) [potion of mutation]
  1494 | D:3      | Noticed inmateoo's ghost (amateur DEFE)
  1599 | D:3      | Reached XP level 4. HP: 24/24 MP: 1/10
  2198 | D:3      | Found a faded altar of an unknown god.
  2276 | D:3      | Reached XP level 5. HP: 28/28 MP: 8/12
  2288 | D:3      | Killed inmateoo's ghost
  2288 | D:3      | Reached skill level 1 in Fighting
  2322 | D:3      | Reached skill level 5 in Fire Magic
  2520 | D:3      | Found a blossoming altar of Fedhas.
  2521 | D:3      | Found a glowing silver altar of Zin.
  2853 | D:4      | Noticed Grinder
  2855 | D:4      | Reached XP level 6. HP: 34/34 MP: 5/13
  3005 | D:3      | Learned a level 4 spell: Sticky Flame
  3157 | D:4      | Killed Grinder
  3746 | D:5      | Entered Level 5 of the Dungeon
  3787 | D:5      | Noticed Edmund
  3857 | D:5      | Killed Edmund
  3857 | D:5      | Reached XP level 7. HP: 6/39 MP: 2/15
  4268 | D:5      | Reached skill level 6 in Fire Magic
  4289 | D:5      | You fall through a shaft for 3 floors!
  4346 | D:8      | You fall through a shaft!
  4346 | D:9      | Noticed a troll
  4402 | D:9      | Reached skill level 5 in Spellcasting
  4411 | D:9      | Slain by an orc warrior

Skill      XL: |  1  2  3  4  5  6  7 |
---------------+----------------------+-----
Fire Magic     | 4 5 6 |  6.3
Unarmed Combat | 1 2 3 |  3.5
Dodging        | 3 4 |  4.3
Fighting       | 1 2 |  2.2
Conjurations   | 2 3 |  3.4
Spellcasting   | 4 5 |  5.0
Stealth        | |  2.4

Action                   |  1- 3 |  4- 6 |  7- 9 || total
-------------------------+-------+-------+-------++-------
Melee: Unarmed           |     1 |       |     6 ||     7
       Dagger            |     1 |       |       ||     1
       Trident           |       |    14 |    40 ||    54
       Kick              |       |     6 |     5 ||    11
       Flail             |       |     1 |       ||     1
 Cast: Flame Tongue      |    67 |    72 |     5 ||   144
       Throw Flame       |       |     2 |       ||     2
       Conjure Flame     |       |     6 |     1 ||     7
       Sticky Flame      |       |       |     7 ||     7
  Use: Scroll            |     8 |     5 |     2 ||    15
       Potion            |     1 |     1 |     3 ||     5
 Stab: Sleeping          |       |       |     1 ||     1
  Eat: Chunk             |     2 |     5 |     1 ||     8
       Ration            |       |     1 |       ||     1
Armor: Robe              |     7 |     2 |       ||     9
       Skin              |       |       |    56 ||    56
Dodge: Dodged            |    23 |     9 |    26 ||    58
Block: Other             |     1 |     6 |    12 ||    19
